 Dungeon Crawl Stone Soup version 0.31-a0-691-g409c26aa35 (webtiles) character file.

Game seed: 4190370265723890036

7858 Xavori the Covert (level 11, -2/72 HPs)
             Began as an Octopode Chaos Knight on Sept 6, 2023.
             Was a Plaything of Xom.
             Slain by a centaur warrior (9 damage)
             ... on level 9 of the Dungeon.
             The game lasted 00:09:30 (14182 turns).

Xavori the Covert (Octopode Chaos Knight)          Turns: 14182, Time: 00:09:30

Health: -2/72      AC:  7    Str: 17    XL:     11   Next: 21%
Magic:  20/20      EV: 18    Int: 18    God:    Xom [..*...]
Gold:   904        SH:  5    Dex: 19    Spells: 10/10 levels left

rFire   + . .        F - +3 dagger (chaos)
rCold   . . .        (no shield)
rNeg    + . .        (helmet restricted)
rPois   +            s - amulet of reflection
rElec   +            h - ring of Incredulity {Fly rN+ Int-4 Dex+2}
rCorr   .            m - ring of magical power
SInv    .            y - ring of protection from fire
Will    .....        C - +6 ring of intelligence
Stlth   ++++++       (no ring)
HPRegen 1.12/turn    (no ring)
MPRegen 0.17/turn    (no ring)
                     (no ring)

%: reflection, clarity
@: mighty, brilliant, attractive, flying
A: almost no armour, amphibious, 8 rings, camouflage 1, gelatinous body 1,
(nimble swimmer 1), tentacles, tentacle spike 3, iridescent scales 3, agile 1,
clarity, clever 1, poison resistance, regeneration 1, electricity resistance,
strong 2, MP-powered wands, noise suppression
a: Renounce Religion


You were on level 9 of the Dungeon.
You worshipped Xom.
You were a toy of Xom.
You visited 1 branch of the dungeon, and saw 9 of its levels.

You collected 988 gold pieces.
You spent 84 gold pieces at shops.

Inventory:

Hand Weapons
 a - a +0 short sword of chaos
 F - a +3 dagger of chaos (weapon)
Jewellery
 h - the ring of Incredulity (left tentacle) {Fly rN+ Int-4 Dex+2}
   (Xom gifted it to you on level 1 of the Dungeon)

   [ring of positive energy]

   Int-4:     It affects your intelligence (-4).
   Dex+2:     It affects your dexterity (+2).
   rN+:       It protects you from negative energy.
   Fly:       It grants you flight.
 m - a ring of magical power (right tentacle)
 s - an amulet of reflection (around mantle)
 y - a ring of protection from fire (on tentacle)
 C - a +6 ring of intelligence (on tentacle)
 J - a ring of fire
Talismans
 q - a maw talisman
Wands
 r - a wand of roots (4)
 v - a wand of digging (4)
 x - a wand of polymorph (3)
Scrolls
 b - a scroll of butterflies
 c - 2 scrolls of fog
 f - 5 scrolls of immolation
 g - 2 scrolls of teleportation
 i - 3 scrolls of enchant armour
 l - a scroll of fear
 n - 2 scrolls of vulnerability
 o - 2 scrolls of silence
 t - 2 scrolls of enchant weapon
 z - a scroll of identify
 A - a scroll of amnesia
 B - a scroll of revelation
 G - a scroll of blinking {unknown}
 I - a scroll of brand weapon {unknown}
Potions
 d - 5 potions of curing
 e - a potion of mutation {unknown}
 j - a potion of magic
 k - a potion of ambrosia {unknown}
 p - a potion of enlightenment {unknown}
 u - 3 potions of attraction
 w - a potion of cancellation {unknown}
 E - a potion of heal wounds {unknown}


   Skills:
 + Level 6.1 Fighting
 + Level 8.4 Short Blades
 + Level 7.8 Dodging
 + Level 12.6 Stealth
 + Level 3.9 Shields
 * Level 6.2 Shapeshifting


You had 10 spell levels left.
You didn't know any spells.
Your spell library contained the following spells:

 Spells                   Type           Power      Damage    Failure   Level
 Ensorcelled Hibernation  Hex/Ice        0%         N/A       32%         2
 Passwall                 Tmut/Erth      0%         N/A       32%         2
 Dazzling Flash           Conj/Hex       0%         N/A       54%         3
 Swiftness                Air            0%         N/A       54%         3
 Anguish                  Hex/Necr       0%         N/A       91%         4
 Cause Fear               Hex            0%         N/A       91%         4
 Summon Lightning Spire   Summ/Air       0%         N/A       91%         4
 Agony                    Necr           0%         N/A       99%         5
 Silence                  Hex/Air        0%         N/A       99%         5
 Enfeeble                 Hex            0%         N/A       100%        7
 Spellforged Servitor     Conj/Summ      0%         N/A       100%        7
 Summon Hydra             Summ           0%         N/A       100%        7


Dungeon Overview and Level Annotations

Branches:
Dungeon (9/15)             Temple (0/1) D:4
   Lair: D:8-11         Orc: D:9-12

Altars:
Cheibriados
Fedhas
Qazlal
Xom
The Shining One

Shops:
D:1 ?

Annotations:
D:6 1 runed translucent door
D:9 1 runed translucent door


Innate Abilities, Weirdness & Mutations

You cannot wear most types of armour.
You are amphibious.
You can wear up to eight rings at the same time.
Your skin changes colour to match your surroundings (Stealth+).
Your rubbery body absorbs attacks. (AC +1, EV +1)
((You are camouflaged when in or above water. (Stealth+)))
You have tentacles for arms and can constrict up to eight enemies at once.
One of your tentacles bears a large vicious spike.
You are completely covered in iridescent scales. (AC +6)
You are agile. (Dex +4, Str/Int -1)
You possess an exceptional clarity of mind.
Your mind is acute. (Int +4, Str/Dex -1)
Your system is resistant to poisons. (rPois)
Your natural rate of healing is unusually fast.
You are resistant to electric shocks. (rElec)
Your muscles are very strong. (Str +8, Int/Dex -2)
You expend magic power (3 MP) to strengthen your wands.
You passively dampen the noise of your surroundings.


Message History

Your grab misses the fire crab.
Your tentacle spike misses the fire crab.
The fire crab is heavily wounded.
You block the fire crab's attack. The fire crab barely misses you.
You puncture the fire crab! You grab the fire crab.
The fire crab is severely wounded.
You constrict the fire crab. You hit the fire crab.
You pierce the fire crab!
The fire crab is almost dead.
You constrict the fire crab, but do no damage.
The fire crab breathes flames at you.
The blast of flame engulfs you but does no damage.
You hit the fire crab.
You kill the fire crab!
The fire crab's shape twists and changes as it dies.
You are engulfed in blazing flames.
You resist. "This might be better!"
The centaur warrior flickers and vanishes!
Deactivating autopickup; reactivate with Ctrl-A.
You hear a bow twang.
An arrow appears from out of thin air!
The arrow closely misses you. Something is attracted toward you.
You closely miss something.
Your tentacle spike misses something.
You squeeze something!
You are engulfed in blazing flames.
You resist.
* * * LOW HITPOINT WARNING * * *
Something hits you.
* * * LOW HITPOINT WARNING * * *
Something kicks you but does no damage.
Unknown command.
You puncture something! You burn something.
You are engulfed in blazing flames.
You resist.
* * * LOW HITPOINT WARNING * * *
Something hits you.
* * * LOW HITPOINT WARNING * * *
Something closely misses you.
It was a potion of magic.
Magic courses through your body.
You are engulfed in blazing flames.
You resist.
* * * LOW HITPOINT WARNING * * *
Something hits you!
You die...

........#.....>..#
......###.##.....###########
....).....#......#.........#
...........................#
..........###.........##...#
..........#[####...####.#).#
..........##°°°#####...##..#
...........#°°°°§§)....#...#
...........#○○#§@§..#..#...#
...........##†§#####..##...#
............#.)#* *#..#....#
............#.°...##[.#...##
....#.#.....#..##.##..#...#
..###.#.#..##.)# ##..##..#
..##...##..#..#., ,,#..#..#
...........#.. . ,,,, #..#
#..##.....##..,##### ,##.#


There were no monsters in sight!

Vanquished Creatures
  A two-headed ogre (D:9)
  Amaemon (D:9)
  A fire crab (shapeshifter) (D:9)
  A deep elf pyromancer (D:9)
  The ghost of SirDiesAlot the Frost Mage, a novice OpIE of Sif Muna (D:6)
  Joseph (D:9)
  An orange demon (D:9)
  Psyche (D:9)
  2 trolls (D:9)
  Sigmund (D:5)
  2 yaks (D:9)
  A fire bat (D:9)
  Edmund (D:4)
  A water moccasin (D:8)
  2 ice beasts (D:5)
  2 sky beasts
  An orc warrior (D:9)
  A black bear (D:7)
  4 centaurs
  2 kobold brigands
  7 bullfrogs
  A wight (D:9)
  6 killer bees
  4 howler monkeys
  7 crimson imps (D:7)
  6 orc priests
  3 hounds (D:6)
  3 iguanas
  7 orc wizards
  5 adders
  2 river rats (D:6)
  2 shadow imps
  A white imp (D:7)
  A worm (D:2)
  4 dart slugs
  26 orcs
  9 endoplasms
  2 giant cockroaches (D:3)
  6 goblins
  7 hobgoblins
  10 jackals
  4 quokkas
  8 ball pythons
  5 bats
  6 frilled lizards
  15 kobolds
  7 rats
192 creatures vanquished.

Vanquished Creatures (collateral kills)
  A steam dragon (D:8)
  2 orc warriors
  A kobold brigand (D:8)
  2 killer bees (D:8)
  2 orcs
  3 kobolds (D:8)
11 creatures vanquished.

Vanquished Creatures (others)
  An acid dragon (D:9)
  A bullfrog (D:9)
  A killer bee (D:8)
  An orc wizard (D:8)
  2 orcs (D:8)
6 creatures vanquished.

Grand Total: 209 creatures vanquished

Notes
Turn   | Place    | Note
-------+----------+-------------------------------------------
     0 | D:1      | Xavori the Octopode Chaos Knight began the quest for the
                  | Orb.
     0 | D:1      | Reached XP level 1. HP: 16/16 MP: 1/1
    52 | D:1      | Reached XP level 2. HP: 19/21 MP: 2/2
    93 | D:1      | XOM: silly message
   135 | D:1      | XOM: cloud trail
   280 | D:1      | Reached XP level 3. HP: 26/26 MP: 3/3
   309 | D:1      | Found Jeum's Magic Scroll Emporium.
   729 | D:1      | Bought a scroll of teleportation for 36 gold pieces
   791 | D:1      | XOM: silly message
  2338 | D:1      | XOM is BORED!
  2338 | D:1      | XOM: noise
  2359 | D:1      | XOM: divination: detect creatures
  2913 | D:1      | XOM: torment (14/26 hp)
  3965 | D:1      | XOM is BORED!
  5341 | D:1      | XOM: noise
  5702 | D:1      | XOM: stat loss: -1 Dex (12/13)
  6109 | D:1      | XOM: divination: detect creatures
  6211 | D:1      | XOM: 2-stop teleportation journey
  6300 | D:1      | XOM: scenery: create altars
  6417 | D:1      | XOM: give mutation
  6417 | D:1      | Gained mutation: Your muscles are strong. (Str +4, Int/Dex
                  | -1) [Xom's grace]
  6441 | D:1      | XOM: give mutations
  6441 | D:1      | Gained mutation: You are partially covered in iridescent
                  | scales. (AC +2) [Xom's grace]
  6441 | D:1      | Gained mutation: Your muscles are very strong. (Str +8,
                  | Int/Dex -2) [Xom's grace]
  6451 | D:1      | XOM: give mutations
  6451 | D:1      | Gained mutation: You are agile. (Dex +4, Str/Int -1) [Xom's
                  | grace]
  6451 | D:1      | Gained mutation: Your mind is acute. (Int +4, Str/Dex -1)
                  | [Xom's grace]
  6451 | D:1      | Gained mutation: You passively dampen the noise of your
                  | surroundings. [Xom's grace]
  6654 | D:1      | XOM: scenery: summon butterflies
  6772 | D:1      | XOM: scenery: create altars
  7149 | D:1      | XOM is BORED!
  7149 | D:1      | XOM: torment (14/26 hp)
  7202 | D:1      | Identified the ring of Incredulity {Fly rN+ Int-4 Dex+2}
                  | (Xom gifted it to you on level 1 of the Dungeon)
  7202 | D:1      | XOM: god gift: ring of Incredulity {Fly rN+ Int-4 Dex+2}
  7527 | D:1      | XOM: god gift: book of Burglary
  8178 | D:1      | XOM: give mutations
  8178 | D:1      | Gained mutation: You are mostly covered in iridescent
                  | scales. (AC +4) [Xom's grace]
  8178 | D:1      | Gained mutation: You possess an exceptional clarity of
                  | mind. [Xom's grace]
  8178 | D:1      | Gained mutation: Your natural rate of healing is unusually
                  | fast. [Xom's grace]
  8179 | D:1      | XOM: give mutations
  8179 | D:1      | Gained mutation: You are completely covered in iridescent
                  | scales. (AC +6) [Xom's grace]
  8179 | D:1      | Gained mutation: You are resistant to electric shocks.
                  | (rElec) [Xom's grace]
  8179 | D:1      | Gained mutation: One of your tentacles bears a spike.
                  | [Xom's grace]
  8179 | D:1      | Gained mutation: Your system is resistant to poisons.
                  | (rPois) [Xom's grace]
  8211 | D:2      | Reached skill level 1 in Stealth
  8387 | D:2      | Reached skill level 2 in Stealth
  8411 | D:2      | Reached XP level 4. HP: 31/31 MP: 4/4
  8541 | D:2      | XOM: give mutations
  8541 | D:2      | Gained mutation: You expend magic power (3 MP) to
                  | strengthen your wands. [Xom's grace]
  8541 | D:2      | Gained mutation: You have hidden genetic potential. [Xom's
                  | grace]
  8541 | D:2      | Gained mutation: You heal very quickly. [Xom's grace]
  8633 | D:2      | Reached skill level 3 in Stealth
  8807 | D:1      | Bought a scroll of fear for 48 gold pieces
  8811 | D:1      | XOM: god gift: runed scarf {god gift}
  8813 | D:1      | XOM: give mutation
  8813 | D:1      | Gained mutation: One of your tentacles bears a nasty spike.
                  | [Xom's grace]
  8914 | D:1      | Upgraded the game from 0.31-a0-675-g238779eb0a to
                  | 0.31-a0-691-g409c26aa35
  9072 | D:3      | XOM: butterfly on damage
  9075 | D:3      | Reached skill level 4 in Stealth
  9075 | D:3      | Reached XP level 5. HP: 21/37 MP: 5/5
  9085 | D:3      | Gained mutation: One of your tentacles bears a large
                  | vicious spike. [hidden potential]
  9094 | D:3      | XOM: 8-stop teleportation journey
  9300 | D:3      | XOM: 1-stop teleportation journey
  9811 | D:4      | Reached skill level 5 in Stealth
  9811 | D:4      | Reached XP level 6. HP: 43/43 MP: 6/6
  9937 | D:4      | Gained mutation: Your spells are a little harder to cast,
                  | but a little more powerful. [hidden potential]
  9937 | D:4      | Lost mutation: You have hidden genetic potential. [hidden
                  | potential expressed]
 10013 | D:4      | Noticed Edmund
 10022 | D:4      | Killed Edmund
 10023 | D:4      | Reached skill level 6 in Stealth
 10028 | D:4      | XOM: polymorph endoplasm -> hobgoblin
 10032 | D:4      | XOM: enchant monster (good)
 10041 | D:4      | Reached XP level 7. HP: 48/48 MP: 7/7
 10113 | D:4      | Found a glowing golden altar of the Shining One.
 10357 | D:4      | Found a staircase to the Ecumenical Temple.
 10420 | D:5      | Entered Level 5 of the Dungeon
 10428 | D:5      | XOM: give mutations
 10428 | D:5      | Lost mutation: You heal very quickly. [Xom's mischief]
 10428 | D:5      | Lost mutation: Your spells are a little harder to cast, but
                  | a little more powerful. [Xom's mischief]
 10432 | D:5      | XOM: enchant monster (bad)
 10435 | D:5      | Reached skill level 5 in Short Blades
 10435 | D:5      | Reached skill level 7 in Stealth
 10557 | D:5      | Reached skill level 1 in Shapeshifting
 10817 | D:5      | Noticed Sigmund
 10822 | D:5      | Killed Sigmund
 10823 | D:5      | Reached skill level 8 in Stealth
 10823 | D:5      | Reached XP level 8. HP: 54/54 MP: 8/8
 10841 | D:5      | XOM: enchant monster (bad)
 11034 | D:5      | XOM: noise
 11302 | D:6      | Identified the +0 robe "Iprockedd" {rC+ Regen+}
 11421 | D:6      | Found a runed translucent door.
 11480 | D:6      | Reached skill level 9 in Stealth
 11514 | D:6      | Noticed Blork the orc
 11522 | D:6      | Blork the orc changed into Blork the river rat
 11522 | D:6      | Noticed Blork
 11522 | D:6      | XOM: polymorph Blork the orc -> Blork the river rat
 11536 | D:6      | Killed Blork the river rat
 11597 | D:6      | XOM: summons 5 hostile demons
 11730 | D:6      | Found a runed translucent door.
 11731 | D:6      | Noticed SirDiesAlot's ghost (novice OpIE)
 11745 | D:6      | Killed SirDiesAlot's ghost
 11749 | D:6      | Reached skill level 10 in Stealth
 11749 | D:6      | Reached XP level 9. HP: 56/58 MP: 9/9
 11751 | D:6      | Reached skill level 5 in Dodging
 11772 | D:6      | XOM: cloud trail
 11790 | D:7      | XOM: summons 9 friendly demons
 12168 | D:7      | XOM: noise
 12203 | D:7      | Reached skill level 1 in Shields
 12254 | D:7      | Reached skill level 11 in Stealth
 12293 | D:7      | XOM: enchant monster (good)
 12304 | D:7      | XOM: potion effect (heal wounds)
 12517 | D:8      | XOM: noise
 12522 | D:8      | XOM: enchant monster (good)
 12562 | D:8      | Found a blossoming altar of Fedhas.
 12566 | D:8      | Found a stormy altar of Qazlal.
 12586 | D:8      | Found a snail-covered altar of Cheibriados.
 12640 | D:8      | Reached skill level 12 in Stealth
 12640 | D:8      | Reached XP level 10. HP: 65/65 MP: 10/10
 12852 | D:8      | XOM: cloud trail
 13090 | D:9      | Noticed Amaemon
 13092 | D:9      | Noticed an orange demon
 13096 | D:9      | XOM: potion effect (invisibility)
 13110 | D:9      | XOM: scenery: create altars
 13241 | D:9      | Noticed Psyche
 13269 | D:9      | Killed Psyche
 13270 | D:9      | Reached skill level 5 in Fighting
 13335 | D:9      | XOM: fake destruction
 13388 | D:9      | XOM: cast spell 'Leda's Liquefaction'
 13392 | D:9      | Killed Amaemon
 13393 | D:9      | Reached skill level 5 in Shapeshifting
 13397 | D:9      | Killed an orange demon
 13445 | D:9      | Noticed a two-headed ogre
 13464 | D:9      | XOM: divination: magic mapping
 13465 | D:9      | Killed a two-headed ogre
 13480 | D:9      | XOM: smoke on damage
 13482 | D:8      | XOM: silly message
 13504 | D:8      | XOM: divination: detect creatures
 13558 | D:9      | XOM: potion effect (might)
 13661 | D:9      | Got Deoheesey's Quarto of Sidekicks
 13671 | D:9      | Noticed a boulder beetle
 13671 | D:9      | Noticed a five-headed hydra
 13672 | D:9      | Found a runed translucent door.
 13674 | D:9      | Noticed a centaur warrior
 13674 | D:9      | Noticed a glowing orange brain
 13674 | D:9      | Noticed a wizard
 13674 | D:9      | Noticed a seven-headed hydra
 13715 | D:9      | XOM: noise
 13724 | D:9      | Noticed Joseph
 13897 | D:9      | Killed Joseph
 14135 | D:9      | Noticed a deep elf pyromancer
 14139 | D:9      | Reached XP level 11. HP: 72/72 MP: 11/11
 14146 | D:9      | Killed a deep elf pyromancer
 14152 | D:9      | XOM: enchant monster (good)
 14162 | D:9      | Noticed a fire crab
 14163 | D:9      | Noticed a centaur warrior
 14175 | D:9      | XOM: smoke on damage
 14179 | D:9      | Killed a fire crab
 14179 | D:9      | XOM: enchant monster (bad)
 14182 | D:9      | Slain by a centaur warrior

Illustrated notes

Levels and vault maps discovered:
D:1:      noname_arrival_rooms_in_the_neighbourhood, layout_loops_ring,
          serial_shops, nicolae_shop_stone
D:2:      layout_loops_ring
D:3:      layout_loops_ring
D:4:      layout_loops_ring, mainiacjoe_overflow_chevrons,
          minmay_temple_entry_drinking_statues, uniq_edmund
D:5:      layout_basic, grunt_decor_mini_mirrors, minmay_door_square,
          grunt_ministairs_10, uniq_sigmund
D:6:      layout_rooms, ebering_ghost_sewer_f, uniq_blork_the_orc
D:7:      layout_rooms, minmay_nine_imps
D:8:      layout_cave_pools, gammafunk_temple_overflow_forgotten
D:9:      minmay_gate_of_8, layout_cave_pools, minmay_pinched_square,
          uniq_psyche, uniq_amaemon, uniq_joseph

Skill      XL: |  1  2  3  4  5  6  7  8  9 10 11 |
---------------+----------------------------------+-----
Stealth        | 2 4 5 6 8 10 12 | 12.6
Short Blades   | 4 5 6 7 8 |  8.4
Dodging        | 3 4 6 7 |  7.8
Fighting       | 4 5 6 |  6.1
Shapeshifting  | 1 3 4 5 6 |  6.2
Shields        | 1 3 |  3.9

Action                     |  1- 3 |  4- 6 |  7- 9 | 10-12 || total
---------------------------+-------+-------+-------+-------++-------
  Melee: Short sword       |    77 |    95 |   186 |    48 ||   406
         Constrict         |    22 |    28 |    44 |    28 ||   122
         Tentacles         |    14 |    20 |    43 |    38 ||   115
         Kick              |     8 |    29 |    76 |    66 ||   179
         Punch             |     1 |     1 |     2 |     3 ||     7
         Dagger            |       |       |       |   123 ||   123
  Evoke: Wand              |       |       |       |     1 ||     1
    Use: Scroll            |       |     6 |     5 |     1 ||    12
         Potion            |       |       |       |     6 ||     6
   Stab: Sleeping          |     9 |    15 |    14 |       ||    38
         Petrifying        |       |     1 |     1 |       ||     2
         Distracted        |       |       |     1 |       ||     1
 Armour: Skin              |    25 |    26 |    79 |   121 ||   251
  Dodge: Dodged            |    42 |    45 |   116 |   131 ||   334
  Block: Other             |       |       |    27 |    43 ||    70
         Reflection        |       |       |       |     6 ||     6

Table legend: (Time is in decaauts)
 A = Elapsed time spent in this place.
 B = Non-inter-level travel time spent in this place.
 C = Inter-level travel time spent in this place.
 D = Time resting spent in this place.
 E = Time spent auto-exploring this place.
 F = Levels seen in this place.
 G = Mean time per level.
                   A        B        C        D        E       F      G
               +--------+--------+--------+--------+--------+-----+--------+
         Total |  14035 |  13640 |    395 |   8116 |   4307 |   9 | 1559.4 |
       Dungeon |  14035 |  13640 |    395 |   8116 |   4307 |   9 | 1559.4 |
               +--------+--------+--------+--------+--------+-----+--------+

Top non-repeatable levels by time:
     D:1: 8360 daAuts
     D:5: 916 daAuts
     D:9: 841 daAuts
     D:8: 811 daAuts
     D:4: 738 daAuts
     D:3: 686 daAuts
     D:7: 648 daAuts
     D:2: 601 daAuts
     D:6: 429 daAuts
